 Dungeon Crawl Stone Soup version 0.28.0-53-g5a82cb258f (webtiles) character file.

Game seed: 9973167000637502962

4017 issech the Protected (level 10, -4/79 HPs)
             Began as a Minotaur Monk on June 19, 2022.
             Was a Priest of Hepliaklqana.
             Slain by a tengu warrior
             ... wielding a +3 war axe
              (15 damage)
             ... on level 8 of the Dungeon.
             The game lasted 00:25:18 (9986 turns).

issech the Protected (Minotaur Monk)                Turns: 9986, Time: 00:25:19

Health: -4/79      AC: 16    Str: 16    XL:     10   Next: 3%
Magic:  9/9        EV:  4    Int:  7    God:    Hepliaklqana [***...]
Gold:   496        SH: 14    Dex: 17    Spells: 9/9 levels left

rFire   . . .      SeeInvis .   Z - +5 morningstar
rCold   . . .      Faith    .   r - +0 tower shield
rNeg    . . .      Spirit   .   S - +0 plate armour
rPois   +          Reflect  .   (helmet restricted)
rElec   .          Harm     .   z - +1 cloak
rCorr   .          Rampage  .   (no gloves)
Will    .....                   (no boots)
Stlth   ..........              (no amulet)
HPRegen 0.23/turn               J - ring of poison resistance
MPRegen 0.11/turn               (no ring)

@: no status effects
A: reduced essence, horns 2, retaliatory headbutt
a: Renounce Religion, Recall Ancestor, Ancestor Identity, Transference


You were on level 8 of the Dungeon.
You worshipped Hepliaklqana.
Hepliaklqana was most pleased with you.
You visited 2 branches of the dungeon, and saw 9 of its levels.

You collected 496 gold pieces.

Inventory:

Hand Weapons
 l - a +0 hunting sling
 D - a +2 vorpal morningstar
 F - a +2 dagger of venom
 P - a +2 flail of holy wrath
 Z - a +5 morningstar (weapon)
Missiles
 d - 209 stones
 h - 55 arrows
 m - 9 poisoned darts
 o - 66 sling bullets
 s - 2 boomerangs
 t - 9 bolts
 x - a throwing net
 K - a boomerang of dispersal (quivered)
Armour
 r - a +0 tower shield (worn)
 z - a +1 cloak (worn)
 S - a +0 plate armour (worn)
Magical Staves
 a - a staff of air
Jewellery
 J - a ring of poison resistance (left hand)
Wands
 M - a wand of acid (4)
Scrolls
 f - 2 scrolls of teleportation
 i - a scroll of silence
 u - a scroll of magic mapping
 w - a scroll of summoning
 A - a scroll of fog
 B - a scroll of fear {unknown}
 C - a scroll of vulnerability {unknown}
 E - a scroll of enchant weapon {unknown}
 N - 2 scrolls of enchant armour {unknown}
 R - 2 scrolls of immolation {unknown}
Potions
 b - a potion of attraction {unknown}
 c - a potion of brilliance {unknown}
 k - 2 potions of lignification {unknown}
 p - 4 potions of curing {unknown}
 q - 4 potions of degeneration {unknown}
 G - a potion of resistance {unknown}
 I - a potion of heal wounds {unknown}
 O - 3 potions of flight {unknown}


   Skills:
 + Level 7.6 Fighting
 + Level 5.1 Short Blades
 + Level 6.6(7.7) Axes
 + Level 6.1(7.4) Maces & Flails
 + Level 1.6 Throwing
 + Level 9.2 Armour
 + Level 5.5 Dodging
 + Level 2.1 Stealth
 + Level 5.4 Shields


You had 9 spell levels left.
You didn't know any spells.
Your spell library contained the following spells:

 Spells                   Type           Power      Damage    Failure   Level
 Magic Dart               Conj           0%         1d3       100%        1
 Sting                    Tmut/Pois      0%         1d3       100%        1
 Poisonous Vapours        Pois/Air       0%         N/A       100%        2
 Searing Ray              Conj           0%         2d4       100%        2
 Sublimation of Blood     Necr           0%         N/A       100%        2
 Wereblood                Tmut           0%         N/A       100%        2
 Tukima's Dance           Hex            0%         N/A       100%        3
 Anguish                  Hex/Necr       0%         N/A       100%        4
 Fulminant Prism          Conj/Hex       0%         3d6       100%        4
 Olgreb's Toxic Radiance  Pois           0%         N/A       100%        4
 Petrify                  Tmut/Erth      0%         N/A       100%        4
 Irradiate                Conj/Tmut      0%         3d13      100%        5
 Enfeeble                 Hex            0%         N/A       100%        7
 Summon Hydra             Summ           0%         N/A       100%        7


Dungeon Overview and Level Annotations

Branches:
Dungeon (8/15)             Temple (1/1) D:5
   Lair: D:8-11

Altars:
Ashenzari
Dithmenos
Elyvilon
Fedhas
Gozag
Hepliaklqana
Okawaru
Qazlal
Ru
Sif Muna
Trog
Uskayaw
Vehumet
Wu Jian
Yredelemnul
Zin
The Shining One

Portals:
Abyss: D:3


Innate Abilities, Weirdness & Mutations

Your life essence is reduced to manifest your ancestor. (-10% HP)
You have a pair of horns on your head.
You reflexively headbutt those who attack you in melee.


Message History

The tengu warrior claws you but does no damage.
The tengu warrior hits you with a +3 war axe!
* * * LOW HITPOINT WARNING * * *
You block the tengu warrior's attack.
The tengu warrior claws you but does no damage.
Throw: 4 boomerangs (disperse)
Press: ? - help, Q - select action, (/) - cycle Shift-Dir - straight line, f/p - tengu warrior
Aim: a tengu warrior, wielding a +3 war axe, wearing a +0 leather armour and wearing a +0 kite shield (lightly wounded, 43% to hit)
You throw a boomerang of dispersal.
The boomerang of dispersal barely misses the tengu warrior.
The tengu warrior barely misses you. You block the tengu warrior's attack.
The tengu warrior barely misses you.
Throw: 3 boomerangs (disperse)
Press: ? - help, Q - select action, (/) - cycle Shift-Dir - straight line, f/p - tengu warrior
Aim: a tengu warrior, wielding a +3 war axe, wearing a +0 leather armour and wearing a +0 kite shield (lightly wounded, 43% to hit)
You throw a boomerang of dispersal.
The boomerang of dispersal hits the tengu warrior but does no damage.
The tengu warrior is lightly wounded.
You block the tengu warrior's attack.
The tengu warrior pecks you but does no damage.
You block the tengu warrior's attack.
The tengu warrior hits you with a +3 war axe.
* * * LOW HITPOINT WARNING * * *
The tengu warrior pecks you.
* * * LOW HITPOINT WARNING * * *
The tengu warrior completely misses you.
Unknown command.
Throw: 2 boomerangs (disperse)
Press: ? - help, Q - select action, (/) - cycle Shift-Dir - straight line, f/p - tengu warrior
Aim: a tengu warrior, wielding a +3 war axe, wearing a +0 leather armour and wearing a +0 kite shield (lightly wounded, 43% to hit)
You throw a boomerang of dispersal.
The tengu warrior blocks the boomerang of dispersal.
You block the tengu warrior's attack.
The tengu warrior pecks you but does no damage.
You block the tengu warrior's attack.
The tengu warrior hits you but does no damage.
You block the tengu warrior's attack.
The tengu warrior claws you but does no damage.
The tengu warrior hits you with a +3 war axe!
You die...

...........###.#)#
#....#
##.#######..##.[[###
###### ##.#
##†####)#<# ...#
#)##..[#.### .###
####..#.#.....# .#
#...........#.### .#
#.###.##...#....# .#
#.##.......#..#.# .#
#.....##.@....#.# ##
####......Q###.#...#
#.........Q....###.#
#..........###...#.(.
#.........*....#.#
... ####'###.#.###.#
..... #.......#####
.... #####...#...#
...( ##..#.#.#


You could see a tengu warrior, a tengu conjurer and a battlesphere.

Vanquished Creatures
  A steam dragon (D:8)
  A water moccasin (D:6)
  An ice beast (D:7)
  2 sky beasts
  3 ogres
  A black bear (D:4)
  2 necrophages
  A centaur (D:8)
  2 phantoms
  2 scorpions
  A wyvern skeleton (D:7)
  A water moccasin skeleton (D:4)
  4 wights (D:8)
  2 centaur zombies (D:8)
  A bullfrog zombie (D:5)
  A jelly (D:4)
  2 bullfrog skeletons (D:7)
  A hound (D:3)
  3 orc priests (D:6)
  Natasha (D:2)
  2 iguanas
  3 orc wizards
  A scorpion zombie (D:5)
  2 hound skeletons
  A howler monkey zombie (D:5)
  10 adders
  8 gnolls
  2 shadow imps (D:5)
  An ufetubus (D:3)
  An adder zombie (D:5)
  2 adder skeletons (D:4)
  3 worms
  2 dart slugs (D:1)
  20 orcs
  9 endoplasms
  4 giant cockroaches
  5 goblins
  2 hobgoblins
  2 jackals (D:2)
  5 kobolds
  A quokka (D:3)
  3 ball pythons
  6 bats
  A frilled lizard (D:1)
  A jackal skeleton (D:4)
  5 rats
135 creatures vanquished.

Vanquished Creatures (collateral kills)
  The ghost of wumblebumble the Chopper, a novice MiBe of Trog (D:8)
  A wraith (D:7)
  A wyvern (D:8)
  A hornet zombie (D:6)
  2 sky beasts
  A necrophage (D:8)
  A centaur (D:8)
  A kobold brigand (D:3)
  A bullfrog (D:6)
  A water moccasin skeleton (D:6)
  A wight (D:8)
  A crimson imp (D:3)
  A centaur zombie (D:6)
  The ghost of MiltankisOP the Sneak, a weakling VSBr (D:3)
  3 orc priests
  A jelly (D:7)
  3 orc wizards
  A small abomination (D:3)
  An ufetubus (D:5)
  9 orcs
33 creatures vanquished.

Vanquished Creatures (others)
  An orc wizard (D:8)
  3 battlemagi (D:8)
4 creatures vanquished.

Grand Total: 172 creatures vanquished

Notes
Turn   | Place    | Note
-------+----------+-------------------------------------------
     0 | D:1      | issech the Minotaur Monk began the quest for the Orb.
     0 | D:1      | Reached XP level 1. HP: 19/19 MP: 0/0
   302 | D:1      | Found a faded altar of an unknown god.
   316 | D:1      | Reached XP level 2. HP: 25/27 MP: 1/1
   788 | D:2      | Reached XP level 3. HP: 14/33 MP: 2/2
  1198 | D:2      | Reached XP level 4. HP: 41/41 MP: 3/3
  1989 | D:2      | Noticed Natasha
  1996 | D:2      | Killed Natasha
  1997 | D:2      | Reached skill level 5 in Axes
  1997 | D:2      | Reached skill level 1 in Armour
  2254 | D:3      | Reached XP level 5. HP: 46/47 MP: 4/4
  2275 | D:3      | Found a transporter.
  2301 | D:3      | Found a transporter.
  2358 | D:3      | Reached skill level 5 in Fighting
  2409 | D:3      | Reached skill level 1 in Throwing
  2469 | D:3      | Noticed MiltankisOP's ghost (weakling VSBr)
  3296 | D:4      | Reached skill level 2 in Armour
  3296 | D:4      | Reached XP level 6. HP: 43/56 MP: 5/5
  3694 | D:4      | Reached skill level 3 in Armour
  4496 | D:3      | Reached skill level 1 in Short Blades
  4543 | D:4      | Reached XP level 7. HP: 54/61 MP: 6/6
  4850 | D:4      | Reached skill level 4 in Armour
  4991 | D:5      | Entered Level 5 of the Dungeon
  5257 | D:5      | Reached skill level 5 in Armour
  5685 | D:5      | Reached XP level 8. HP: 66/70 MP: 7/7
  5688 | D:5      | Reached skill level 6 in Armour
  5824 | D:5      | Found a staircase to the Ecumenical Temple.
  5850 | Temple   | Entered the Ecumenical Temple
  5888 | Temple   | Became a worshipper of Hepliaklqana the Forgotten
  5888 | Temple   | Reached * piety under Hepliaklqana
  5888 | Temple   | Reached ** piety under Hepliaklqana
  5889 | Temple   | Remembered your ancestor Dube as a battlemage
  6303 | D:6      | Reached skill level 7 in Armour
  6349 | D:6      | Reached skill level 1 in Shields
  6640 | D:6      | Reached skill level 1 in Maces & Flails
  6829 | D:6      | Reached skill level 5 in Short Blades
  7235 | D:3      | Found a one-way gate to the infinite horrors of the Abyss.
  7243 | D:3      | Reached skill level 8 in Armour
  7243 | D:3      | Reached XP level 9. HP: 51/70 MP: 8/8
  7248 | D:3      | Killed MiltankisOP's ghost
  7476 | D:7      | Reached skill level 5 in Dodging
  7510 | D:7      | Found a stormy altar of Qazlal.
  7796 | D:7      | Reached *** piety under Hepliaklqana
  8730 | D:8      | Reached skill level 5 in Maces & Flails
  8795 | D:8      | Reached skill level 9 in Armour
  9222 | D:8      | Found a runed translucent gate.
  9222 | D:8      | Found a runed translucent gate.
  9222 | D:8      | Found a runed translucent gate.
  9222 | D:8      | Noticed wumblebumble's ghost (novice MiBe)
  9224 | D:8      | Found a basalt altar of Yredelemnul.
  9242 | D:8      | Killed wumblebumble's ghost
  9243 | D:8      | Reached skill level 5 in Shields
  9311 | D:8      | Noticed a tengu conjurer
  9314 | D:8      | Noticed a tengu warrior
  9899 | D:8      | Reached XP level 10. HP: 79/79 MP: 9/9
  9986 | D:8      | Slain by a tengu warrior

Illustrated notes

Levels and vault maps discovered:
D:1:      lightli_arrival_quake, layout_basic, basic_ecumenical_altar
D:2:      layout_loops_corners, uniq_natasha
D:3:      layout_loops_corners, gammafunk_ghost_abyssal_escape
D:4:      layout_rooms, minmay_misc_feat_diagonals
D:5:      layout_basic, minmay_temple_entry_antechambers,
          mrwooster_statue_mirror
D:6:      layout_loops_cross
D:7:      nicolae_BIG_FREAKIN_CUBE, layout_basic,
          nicolae_qazlal_scattered_showers
D:8:      layout_basic, nicolae_yredelemnul_ghost_church, lemuel_old_faithful
Temple:   eino_wide_crystal_templ

Skill      XL: |  1  2  3  4  5  6  7  8  9 |
---------------+----------------------------+-----
Axes           | 4 5 6 |  6.6
Fighting       | 4 5 6 7 |  7.6
Armour         | 1 2 3 5 8 9 |  9.2
Throwing       | 1 |  1.6
Dodging        | 4 5 |  5.5
Short Blades   | 1 3 5 |  5.1
Shields        | 2 5 |  5.4
Maces & Flails | 2 6 |  6.1
Stealth        | 2 |  2.1

Action                   |  1- 3 |  4- 6 |  7- 9 | 10-12 || total
-------------------------+-------+-------+-------+-------++-------
Melee: Hand axe          |    48 |   118 |       |       ||   166
       Headbutt          |     5 |    30 |    69 |     1 ||   105
       Punch             |     1 |     4 |     1 |       ||     6
       Dagger            |       |    36 |   165 |       ||   201
       Morningstar       |       |       |   106 |     7 ||   113
Throw: Stone             |     8 |     2 |     2 |       ||    12
       Javelin           |     5 |    28 |     1 |       ||    34
       Boomerang         |       |       |       |     5 ||     5
Invok: Ancestor Life: Ba |       |       |     1 |       ||     1
  Use: Scroll            |       |       |     6 |       ||     6
Armor: Robe              |     8 |       |       |       ||     8
       Leather armour    |     1 |       |       |       ||     1
       Scale mail        |       |    53 |    85 |       ||   138
       Plate armour      |       |       |    34 |    21 ||    55
Dodge: Dodged            |    33 |    96 |    90 |     5 ||   224
Block: Tower shield      |       |       |   100 |    19 ||   119
